 Dungeon Crawl Stone Soup version 0.31.0-4-g52a2dc7128 (webtiles) character file.

Game seed: 15983669122321104355

132 juan097 the Trooper (level 5, 0/48 HPs)
             Began as a Hill Orc Fighter on Jan 22, 2024.
             Slain by a hound (3 damage)
             ... on level 4 of the Dungeon.
             The game lasted 00:02:41 (1346 turns).

juan097 the Trooper (Hill Orc Fighter)              Turns: 1346, Time: 00:02:41

Health: 0/48       AC:  6    Str: 21    XL:     5   Next: 15%
Magic:  5/5        EV:  9    Int:  8    God:
Gold:   53         SH:  4    Dex: 10    Spells: 4/4 levels left

rFire   . . .        a - +0 war axe
rCold   . . .        c - +0 buckler
rNeg    . . .        j - +0 scale mail
rPois   .            (no helmet)
rElec   .            (no cloak)
rCorr   .            (no gloves)
SInv    .            (no boots)
Will    .....        m - amulet of the acrobat Stlth
                     (no ring)
HPRegen 0.28/turn    (no ring)
MPRegen 0.09/turn

%: acrobat
@: mighty
A: no striking features
a: no special abilities


You were on level 4 of the Dungeon.
You visited 1 branch of the dungeon, and saw 3 of its levels.

You collected 53 gold pieces.

Inventory:

Hand Weapons
 a - a +0 war axe (weapon)
 b - a +0 sling
Missiles
 k - 2 boomerangs (quivered)
Armour
 c - a +0 buckler (worn)
 j - a +0 scale mail (worn)
Jewellery
 m - an amulet of the acrobat (around neck)
Scrolls
 f - a scroll of vulnerability {unknown}
 g - a scroll of poison {unknown}
 h - 2 scrolls of identify {unknown}
 i - 3 scrolls of silence {unknown}
Potions
 e - a potion of curing {unknown}
 l - a potion of heal wounds {unknown}
 n - a potion of brilliance {unknown}


   Skills:
 - Level 5.0 Fighting
 + Level 4.5 Axes
 - Level 3.2 Armour
 + Level 4.4 Shields


You had 4 spell levels left.
You didn't know any spells.
Your spell library contained the following spells:

 Spells                   Type           Power      Damage    Failure   Level
 Ensorcelled Hibernation  Hex/Ice        0%         N/A       91%         2
 Fugue of the Fallen      Necr           0%         N/A       99%         3
 Anguish                  Hex/Necr       0%         N/A       100%        4


Dungeon Overview and Level Annotations

Branches:
Dungeon (2/15)

Altars:


Message History

A malevolent force fills the Dungeon...
You fall into a shaft and drop 2 floors!
The shaft crumbles and collapses.
Found a scroll labelled QEYLOOR QORUL.
An ogre comes into view. It is wielding a +0 giant club.
The ogre shouts!
You feel very mighty all of a sudden.
You slash the ogre!
The ogre is heavily wounded.
The ogre barely misses you.
You barely miss the ogre.
The ogre is heavily wounded.
The ogre closely misses you.
You barely miss the ogre.
The ogre is heavily wounded.
The ogre hits you with a +0 giant club!!
Ouch! That really hurt!
* * * LOW HITPOINT WARNING * * *
You slash the ogre!
You kill the ogre!
Training target 5.0 for Fighting reached!
Your Fighting skill increases to level 5!
Your Axes skill increases to level 4!
You have reached level 4!
You have reached level 5!
You feel stronger.
You start resting.
A hound comes into view.
The hound barks!
Things that are here:
a +0 giant club; an ogre corpse The hound closely misses you.
You closely miss the hound. The hound bites you.
* * * LOW HITPOINT WARNING * * *
The hound bites you but does no damage.
You closely miss the hound. The hound closely misses you.
The hound bites you but does no damage.
You barely miss the hound. The hound bites you but does no damage.
The hound bites you.
You die...

#...................#
#.####.######.#####.
#.# #.# #.# #.# #.#
#.# ###.# ###.###
..O# #.....#
##.####.###.#
#?.h@..# #.#
#.####.###.# #.#
#.....# ..# #######


You could see a hound.

Vanquished Creatures
  An ogre (D:4)
  Terence (D:2)
  A ribbon worm (D:2)
  3 ball pythons (D:1)
  3 bats
  An endoplasm (D:1)
  4 giant cockroaches (D:2)
  3 goblins
  A hobgoblin (D:2)
  A frilled lizard (D:1)
  4 kobolds
  3 rats
26 creatures vanquished.

Notes
Turn   | Place    | Note
-------+----------+-------------------------------------------
     0 | D:1      | juan097 the Hill Orc Fighter began the quest for the Orb.
     0 | D:1      | Reached XP level 1. HP: 19/19 MP: 1/1
   267 | D:1      | Reached XP level 2. HP: 24/27 MP: 2/2
   643 | D:1      | Reached skill level 4 in Fighting
   865 | D:2      | Noticed Terence
   876 | D:2      | Killed Terence
   877 | D:2      | Reached XP level 3. HP: 11/34 MP: 3/3
  1292 | D:2      | You fall into a shaft and drop 2 floors!
  1299 | D:4      | Noticed an ogre
  1329 | D:4      | HP: 1/34 [ogre/+0 giant club (33)]
  1330 | D:4      | Killed an ogre
  1331 | D:4      | Reached skill level 5 in Fighting
  1331 | D:4      | Reached XP level 4. HP: 1/42 MP: 4/4
  1331 | D:4      | Reached XP level 5. HP: 2/48 MP: 5/5
  1346 | D:4      | Slain by a hound

Illustrated notes

Levels and vault maps discovered:
D:1:      ncdulo_watergridlock, layout_loops_cross
D:2:      layout_loops_cross, serial_shops, shop, minmay_misc_feat_plants,
          uniq_terence, uniq_sigmund
D:4:      layout_loops_ring, uniq_grinder, uniq_robin

Skill      XL: |  1  2  3 |
---------------+----------+-----
Axes           | 3 4 |  4.5
Fighting       | 4 5 |  5.0
Shields        | 4 |  4.4
Armour         | |  3.2

Action                     |  1- 3 |  4- 6 || total
---------------------------+-------+-------++-------
  Melee: War axe           |    75 |     3 ||    78
   Fire: Sling             |     3 |       ||     3
  Throw: Boomerang         |     2 |       ||     2
    Use: Potion            |     2 |       ||     2
 Armour: Scale mail        |    49 |     5 ||    54
  Dodge: Dodged            |    42 |     2 ||    44
  Block: Buckler           |    17 |       ||    17
